 Dungeon Crawl Stone Soup version 0.31-a0-774-g0d66cbabe8 (webtiles) character file.

Game seed: 17713757425056422064

69 CowFu the Shooter (level 4, -5/26 HPs)
             Began as a Kobold Hunter on Sept 17, 2023.
             Slain by a worm (10 damage)
             ... on level 3 of the Dungeon.
             The game lasted 00:01:17 (1738 turns).

CowFu the Shooter (Kobold Hunter)                   Turns: 1738, Time: 00:01:18

Health: -5/26      AC:  4    Str:  8    XL:     4   Next: 42%
Magic:  4/4        EV: 14    Int: 10    God:
Gold:   68         SH:  0    Dex: 20    Spells: 3/3 levels left

rFire   . . .        a - +0 shortbow
rCold   . . .        (shield currently unavailable)
rNeg    . . .        c - +0 leather armour
rPois   .            (no helmet)
rElec   .            l - +0 cloak
rCorr   .            (no gloves)
SInv    .            (no boots)
Will    .....        (no amulet)
Stlth   +++          (no ring)
HPRegen 0.24/turn    (no ring)
MPRegen 0.09/turn

%: no passive effects
@: no status effects
A: small, no large weapons, nightstalker 3
a: no special abilities


You were on level 3 of the Dungeon.
You visited 1 branch of the dungeon, and saw 3 of its levels.

You collected 68 gold pieces.

Inventory:

Hand Weapons
 a - a +0 shortbow (weapon)
 b - a +1 dagger of draining
Armour
 c - a +0 leather armour (worn)
 l - a +0 cloak (worn)
Jewellery
 i - a ring of magical power
Scrolls
 d - a scroll of teleportation {unknown}
 e - 2 scrolls of fear {unknown}
 g - 2 scrolls of identify {unknown}
 h - a scroll of blinking {unknown}
 k - a scroll of butterflies
Potions
 f - a potion of enlightenment {unknown}
 j - a potion of heal wounds {unknown}
 m - a potion of berserk rage {unknown}
 n - a potion of mutation {unknown}


   Skills:
 - Level 2.1 Fighting
 + Level 7.4 Ranged Weapons
 - Level 2.4 Dodging
 - Level 1.3 Stealth


You had 3 spell levels left.
You didn't know any spells.
Your spell library contained the following spells:

 Spells                   Type           Power      Damage    Failure   Level
 Sublimation of Blood     Necr           0%         N/A       63%         2
 Wereblood                Tmut           0%         N/A       63%         2
 Summon Hydra             Summ           0%         N/A       100%        7


Dungeon Overview and Level Annotations

Branches:
Dungeon (3/15)

Altars:

Annotations:
D:3 3 runed translucent doors


Innate Abilities, Weirdness & Mutations

You are small and have problems with some larger weapons.
You are completely attuned to the shadows.


Message History

The worm is moderately wounded.
The worm bites you!
A worm is nearby!
You shoot an arrow. The arrow completely misses the worm.
A worm is nearby!
You shoot an arrow. The arrow hits the worm.
The worm is severely wounded.
The worm bites you.
A worm is nearby!
You shoot an arrow. The arrow hits the worm.
The worm is almost dead.
A worm is nearby!
You shoot an arrow. The arrow barely misses the worm.
The worm bites you.
A worm is nearby!
You are too injured to fight recklessly!
A worm is nearby!
You are too injured to fight recklessly!
A worm is nearby!
You are too injured to fight recklessly!
A worm is nearby!
You are too injured to fight recklessly!
A worm is nearby!
You are too injured to fight recklessly!
Fire: a) +0 shortbow
Press: ? - help, Q - select action Shift-Dir - straight line, f/p - worm
Aim: a worm (severely wounded, 82% to hit)
You shoot an arrow. The arrow barely misses the worm.
The worm bites you.
* * * LOW HITPOINT WARNING * * *
Fire: a) +0 shortbow
Press: ? - help, Q - select action Shift-Dir - straight line, f/p - worm
Aim: a worm (severely wounded, 82% to hit)
You shoot an arrow. The arrow barely misses the worm.
Fire: a) +0 shortbow
Press: ? - help, Q - select action Shift-Dir - straight line, f/p - worm
Aim: a worm (severely wounded, 82% to hit)
You shoot an arrow. The arrow hits the worm.
The worm is severely wounded.
The worm bites you!
You die...

#....#######.##.##.#..#.# ##
#..........#.##.##.#....# ..
#....#####.#.##.##.#..#######
#....# #.#.##.##.#.........
#....# #.#.# #.########
#....# #.#.##### #.# ######
#........ ... #.#.########
###@# ....w# ####.. ###. .#


You could see a worm.

Vanquished Creatures
  Robin (D:2)
  A gnoll (D:1)
  3 dart slugs
  2 bats
  An endoplasm (D:1)
  4 giant cockroaches
  12 goblins
  3 hobgoblins (D:2)
  6 ball pythons
  3 frilled lizards
  4 kobolds
  2 rats (D:1)
42 creatures vanquished.

Notes
Turn   | Place    | Note
-------+----------+-------------------------------------------
     0 | D:1      | CowFu the Kobold Hunter began the quest for the Orb.
     0 | D:1      | Reached XP level 1. HP: 12/12 MP: 1/1
   129 | D:1      | Reached XP level 2. HP: 16/17 MP: 2/2
   202 | D:1      | Reached skill level 6 in Ranged Weapons
   261 | D:1      | Reached XP level 3. HP: 21/21 MP: 3/3
   762 | D:2      | Noticed Robin
   769 | D:2      | Killed Robin
   770 | D:2      | Reached skill level 7 in Ranged Weapons
   770 | D:2      | Reached XP level 4. HP: 19/26 MP: 4/4
  1600 | D:3      | Found a runed translucent gate.
  1601 | D:3      | Found a runed translucent gate.
  1601 | D:3      | Found a runed translucent gate.
  1738 | D:3      | Slain by a worm

Illustrated notes

Levels and vault maps discovered:
D:1:      amcnicky_arrival_gap_in_the_tavern_cellar, layout_basic,
          minmay_misc_feat_plants
D:2:      layout_basic, uniq_robin
D:3:      layout_basic, gammafunk_ghost_necromancy

Skill      XL: |  1  2  3 |
---------------+----------+-----
Ranged Weapons | 6 7 |  7.4
Fighting       | |  2.1
Dodging        | |  2.4
Stealth        | |  1.3

Action                     |  1- 3 |  4- 6 || total
---------------------------+-------+-------++-------
   Fire: Shortbow          |    46 |    42 ||    88
 Armour: Leather armour    |     7 |     8 ||    15
  Dodge: Dodged            |     6 |     7 ||    13

Table legend: (Time is in decaauts)
 A = Elapsed time spent in this place.
 B = Non-inter-level travel time spent in this place.
 C = Inter-level travel time spent in this place.
 D = Time resting spent in this place.
 E = Time spent auto-exploring this place.
 F = Levels seen in this place.
 G = Mean time per level.
                   A        B        C        D        E       F      G
               +--------+--------+--------+--------+--------+-----+--------+
         Total |   1746 |   1676 |     70 |      0 |   1503 |   3 |  582.0 |
       Dungeon |   1746 |   1676 |     70 |      0 |   1503 |   3 |  582.0 |
               +--------+--------+--------+--------+--------+-----+--------+

Top non-repeatable levels by time:
     D:2: 801 daAuts
     D:1: 759 daAuts
     D:3: 185 daAuts
